 Dungeon Crawl Stone Soup version 0.26.0-10-g1f06aea511 (webtiles) character file.

Game seed: 3407885956505599975

88 theswoord the Cudgeller (level 4, -3/35 HPs)
             Began as a Demonspawn Monk on Jan 13, 2021.
             Slain by an ogre
             ... wielding a +0 giant club
              (11 damage)
             ... on level 3 of the Dungeon.
             The game lasted 00:02:14 (2083 turns).

theswoord the Cudgeller (Demonspawn Monk)           Turns: 2083, Time: 00:02:14

Health: -3/35      AC:  7    Str: 12    XL:     4   Next: 29%
Magic:  4/4        EV: 10    Int: 11    God:
Gold:   121        SH:  0    Dex: 16    Spells: 3/3 levels left

rFire    . . .     SeeInvis .   f - +0 whip
rCold    . . .     Faith    .   (no shield)
rNeg     . . .     Spirit   .   g - +0 scale mail
rPois    .         Reflect  .   (no helmet)
rElec    .         Harm     .   d - +0 cloak
rCorr    .         Rampage  .   (no gloves)
Will     .....                  (no boots)
Stlth    +.........             (no amulet)
HPRegen  0.11/turn              (no ring)
MPRegen  0.09/turn              (no ring)

@: mighty, flying
A: hooves 1, spiny 1
a: no special abilities


You were on level 3 of the Dungeon.
You visited 1 branch of the dungeon, and saw 3 of its levels.

You collected 121 gold pieces.

Inventory:

Hand Weapons
 a - a +0 mace
 f - a +0 whip (weapon)
Armour
 b - a +0 robe
 d - a +0 cloak (worn)
 e - a +0 leather armour
 g - a +0 scale mail (worn)
Scrolls
 k - a scroll of identify {unknown}
 l - a scroll of remove curse
 m - a scroll of fog
 p - a scroll of blinking {unknown}
Potions
 c - a potion of mutation {unknown}
 i - a potion of curing {unknown}
 n - 2 potions of degeneration {unknown}
 o - 2 potions of brilliance {unknown}


   Skills:
 - Level 3.0 Fighting
 + Level 4.2(4.4) Maces & Flails
 + Level 1.7(3.2) Staves
 - Level 2.6 Dodging
 - Level 1.7 Stealth


You had 3 spell levels left.
You didn't know any spells.
Your spell library was empty.

Dungeon Overview and Level Annotations

Branches:
Dungeon (3/15)

Altars:


Innate Abilities, Weirdness & Mutations

You have large cloven feet.
You are partially covered in sharp spines.


Message History

Found a scroll labelled MUNETRICHA.
A bat comes into view.
The bat is struck by your spines.
You kill the bat!
You see here a scroll labelled MUNETRICHA.
It was a potion of flight.
You feel very buoyant.
You fly up into the air.
It was a potion of might.
You feel very mighty all of a sudden. The ogre misses you.
You barely miss the ogre.
The ogre is lightly wounded.
The ogre barely misses you.
You barely miss the ogre.
The ogre is lightly wounded.
You hit the ogre.
The ogre is lightly wounded.
The ogre is struck by your spines. The ogre hits you with a +0 giant club!
You die...

..... ..... #
...... .#
.... .#
?..####.####
#+#..........
#.#...>..#
#.#....#
#@#..#.#
#O#..#.#
#.#..#.#
#?#..#.#
#.#..#.#
#.#..#.#
#.#..#.# #.#
#.# #.# #ยง#


You could see an ogre.

Vanquished Creatures
  4 adders (D:2)
  A worm (D:2)
  2 dart slugs
  2 leopard geckos (D:1)
  3 ball pythons (D:2)
  2 giant cockroaches (D:2)
  3 goblins
  5 hobgoblins
  5 kobolds
  11 bats
  3 frilled lizards (D:2)
  5 rats
46 creatures vanquished.

Notes
Turn   | Place    | Note
-------+----------+-------------------------------------------
     0 | D:1      | theswoord the Demonspawn Monk began the quest for the Orb.
     0 | D:1      | Reached XP level 1. HP: 18/18 MP: 1/1
   168 | D:1      | Reached skill level 3 in Maces & Flails
   493 | D:1      | Gained mutation: You are partially covered in sharp spines.
                  | [demonic ancestry]
   493 | D:1      | Reached XP level 2. HP: 24/24 MP: 2/2
  1113 | D:2      | Gained mutation: You have large cloven feet. [demonic
                  | ancestry]
  1113 | D:2      | Reached XP level 3. HP: 21/29 MP: 3/3
  1252 | D:2      | Reached skill level 1 in Staves
  1375 | D:2      | Reached skill level 4 in Maces & Flails
  1438 | D:2      | Reached XP level 4. HP: 35/35 MP: 4/4
  2051 | D:3      | Noticed an ogre
  2083 | D:3      | Slain by an ogre

Skill      XL: |  1  2  3 |
---------------+----------+-----
Maces & Flails | 3 4 |  4.2
Staves         | 1 |  1.7
Fighting       | |  3.0
Dodging        | |  2.6
Stealth        | |  1.7

Action                   |  1- 3 |  4- 6 || total
-------------------------+-------+-------++-------
Melee: Mace              |    39 |       ||    39
       Whip              |    50 |    23 ||    73
       Kick              |     5 |     8 ||    13
  Use: Scroll            |     1 |     1 ||     2
       Potion            |       |     2 ||     2
 Stab: Sleeping          |     2 |       ||     2
Armor: Robe              |     8 |       ||     8
       Scale mail        |    15 |     3 ||    18
       Leather armour    |     5 |       ||     5
Dodge: Dodged            |    63 |     9 ||    72

Levels and vault maps discovered:
D:1:      dpeg_arrival_connections, layout_loops_ring
D:2:      layout_basic, supply_closet_lemuel
D:3:      layout_basic, bloody_makhleb, uniq_terence
